 Dungeon Crawl Stone Soup version 0.13.1-2-gfb2c2b7 (webtiles) character file.

136 Chiseanne the Charlatan (level 4, -4/29 HPs)
             Began as a Halfling Artificer on Dec 10, 2013.
             Killed from afar by xqwzts' ghost (8 damage)
             ... with a magic dart
             ... on Level 3 of the Dungeon.
             The game lasted 00:04:31 (1939 turns).

Chiseanne the Charlatan (Halfling Artificer)        Turns: 1939, Time: 00:04:31

HP  -4/29        AC  3     Str  9      XL: 4   Next:  7%
MP   6/6         EV 13     Int 12      God:
Gold 85          SH  0     Dex 16      Spells:  0 memorised,  3 levels left

Res.Fire  : . . .   See Invis. : .   a - +0 short sword
Res.Cold  : . . .   Warding    : .   t - +0 leather armour
Life Prot.: . . .   Conserve   : .   (no shield)
Res.Poison: .       Res.Corr.  : .   (no helmet)
Res.Elec. : .       Clarity    : .   (no cloak)
Sust.Abil.: . .     Spirit.Shd : .   (no gloves)
Res.Mut.  : .       Stasis     : .   (no boots)
Res.Rott. : .       Flight     : .   (no amulet)
Saprovore : . . .                    (no ring)
                                     (no ring)

@: slightly resistant to hostile enchantments, fairly stealthy
A: mutation resistance 1, slow metabolism 1
a: no special abilities


You were on level 3 of the Dungeon.
You were not hungry.

You visited 1 branch of the dungeon, and saw 3 of its levels.

You collected 65 gold pieces.

Inventory:

Hand weapons
 a - a +0,+0 short sword (weapon)
Missiles
 o - 21 poisoned needles
Armour
 e - a +0 orcish ring mail
 t - a +0 leather armour (worn)
Magical devices
 b - a wand of flame (15)
 c - a wand of enslavement (14)
 d - a wand of random effects (8)
Comestibles
 f - 2 bread rations
 n - 2 meat rations
Scrolls
 i - 2 scrolls of enchant armour {unknown}
 l - a scroll of noise {unknown}
 m - 2 scrolls of fear {unknown}
 p - 2 scrolls of teleportation {unknown}
 q - a scroll of identify {unknown}
 r - a scroll of enchant weapon I {unknown}
 u - a scroll of recharging
Potions
 g - a potion of might {unknown}
 h - 2 potions of curing {unknown}
 j - 2 potions of paralysis {unknown}
 k - a potion of invisibility {unknown}
 s - 3 potions of heal wounds {unknown}
 v - a potion of restore abilities {unknown}


   Skills:
 * Level 1.2 Fighting
 - Level 1.3 Short Blades
 * Level 0.5 Armour
 * Level 3.4 Dodging
 - Level 1.3 Stealth
 * Level 4.3 Evocations


You had 3 spell levels left.
You didn't know any spells.

Dungeon Overview and Level Annotations

Branches:
Dungeon (3/27)

Altars:

Annotations:
D:3 xqwzts' ghost, average DEWz


Innate Abilities, Weirdness & Mutations

You are small and have problems with some larger weapons.
You are somewhat resistant to further mutation.
You have a slow metabolism.


Message History

Press: ? - help, Shift-Dir - straight line, f/p - xqwzts' ghost
Aim: xqwzts' ghost Xqwzts' ghost is unaffected.
This wand has 10 charges left.
Evoke which item? (* to show all) (? for menu, Esc to quit)
Zapping:
d - a wand of random effects (10)
Press: ? - help, Shift-Dir - straight line, f/p - xqwzts' ghost
Aim: xqwzts' ghost Xqwzts' ghost easily resists.
This wand has 9 charges left.
Xqwzts' ghost gestures at you while chanting.
The magic dart hits you!
* * * LOW HITPOINT WARNING * * *
Evoke which item? (* to show all) (? for menu, Esc to quit)
Zapping:
d - a wand of random effects (9)
Press: ? - help, Shift-Dir - straight line, f/p - xqwzts' ghost
Aim: xqwzts' ghost The puff of flame hits xqwzts' ghost.
Xqwzts' ghost appears unharmed.
This wand has 8 charges left.
Xqwzts' ghost casts a spell at you. The magic dart hits you!
You die...

#........# #
#........######### .
........#......... ..
.......#.......... ..#
......#..........#
.?.####.....#..........#
......+.....#...........
...####.....#......?..#
... #.....#...@.....###
... #.....###§.........
...####.....#
#§.§#######
......%..#### #.§§#
####.###.# ##.## #.# #.#
#p# #.# #.# #.# #.# #.#
#.# #.# #.#######.#


You could see xqwzts' ghost.

Vanquished Creatures
  A giant mite (D:2)
  2 worms
  A giant gecko (D:2)
  4 hobgoblins
  2 quokkas
  3 bats
  2 giant cockroaches (D:1)
  4 giant newts
  8 goblins
  7 kobolds
  3 rats
37 creatures vanquished.

Notes
Turn   | Place    | Note
--------------------------------------------------------------
     0 | D:1      | Chiseanne, the Halfling Artificer, began the quest for the Orb.
     0 | D:1      | Reached XP level 1. HP: 14/14 MP: 1/1
   110 | D:1      | Reached skill level 1 in Fighting
   110 | D:1      | Reached XP level 2. HP: 13/19 MP: 3/3
   995 | D:2      | Reached skill level 4 in Evocations
   995 | D:2      | Reached XP level 3. HP: 20/24 MP: 5/5
  1793 | D:3      | Reached XP level 4. HP: 22/29 MP: 6/6
  1877 | D:3      | Noticed xqwzts' ghost (average DEWz)
  1939 | D:3      | Killed from afar by xqwzts' ghost

Action                   |  1- 3 |  4- 6 || total
-------------------------+-------+-------++-------
Melee: Short sword       |   108 |     6 ||   114
Evoke: Wand              |     3 |     5 ||     8
 Stab: Sleeping          |     1 |       ||     1
